 Dungeon Crawl Stone Soup version 0.20.0-15-g7f486f2 (webtiles) character file.

43 Chiseanne the Magician (level 3, 0/26 HPs)
             Began as a Demonspawn Wizard on June 14, 2017.
             Slain by a goblin (1 damage)
             ... led by Robin
             ... on level 2 of the Dungeon.
             The game lasted 00:02:46 (1737 turns).

Chiseanne the Magician (Demonspawn Wizard)          Turns: 1737, Time: 00:02:46

Health: 0/26       AC:  2    Str:  7    XL:     3   Next: 37%
Magic:  0/8        EV: 12    Int: 20    God:
Gold:   56         SH:  0    Dex: 11    Spells: 0/9 levels left

rFire    + . .     SeeInvis .   n - +0 hand axe
rCold    . . .     Gourm    .   (no shield)
rNeg     . . .     Faith    .   a - +0 robe
rPois    .         Spirit   .   b - +0 hat
rElec    .         Reflect  .   (no cloak)
rCorr    .         Harm     .   (no gloves)
MR       .....                  (no boots)
Stlth    ++........             (no amulet)
Regen    0.1/turn               (no ring)
MPRegen  0.2/turn               (no ring)

@: lethally poisoned (0 -> -11), very slightly contaminated
A: fire resistance 1, robust 1, MP-powered wands
a: no special abilities


You were on level 2 of the Dungeon.
You were not hungry.

You visited 1 branch of the dungeon, and saw 2 of its levels.

You collected 56 gold pieces.

Inventory:

Hand Weapons
 g - a +0 club
 n - a +0 hand axe (weapon)
Missiles
 h - 18 stones (quivered)
 l - 28 arrows
Armour
 a - a +0 robe (worn)
 b - a +0 hat (worn)
Jewellery
 o - an uncursed ring of wizardry {unknown}
Scrolls
 e - a scroll of teleportation {unknown}
 k - a scroll of enchant weapon {unknown}
 m - a scroll of enchant armour {unknown}
Potions
 j - a potion of berserk rage {unknown}
 p - a potion of heal wounds {unknown}
Comestibles
 d - 5 bread rations
 i - a royal jelly
 q - 2 chunks of flesh


   Skills:
 - Level 1.7 Dodging
 - Level 1.7 Stealth
 * Level 3.7 Spellcasting
 * Level 2.2 Conjurations
   Level 1.0 Summonings
 - Level 0.8 Translocations


You couldn't memorise any spells.
You knew the following spells:

 Your Spells              Type           Power        Failure   Level  Hunger
a - Magic Dart            Conj           ##..         5%          1    None
b - Blink                 Tloc           N/A          14%         2    ##.....
c - Conjure Flame         Conj/Fire      #.......     24%         3    ###....
d - Mephitic Cloud        Conj/Pois/Air  #.......     28%         3    ###....


Dungeon Overview and Level Annotations

Branches:
Dungeon (2/15)

Altars:

Annotations:
D:2 Robin


Innate Abilities, Weirdness & Mutations

Your flesh is heat resistant. (rF+)
You are robust. (+10% HP)
You expend magic power (3 MP) to strengthen your wands.


Message History

Casting: Magic Dart
Confirm with . or Enter, or press ? or * to list all spells.
Aiming: Magic Dart
Press: ? - help, Shift-Dir - straight line, f/p - Robin
Aim: Robin, wielding a short sword, wearing an animal skin and wearing a helmet (severely wounded)
The magic dart hits the goblin.
You kill the goblin!
* * * LOW HITPOINT WARNING * * *
You feel sick. Robin throws the goblin at you!
* * * LOW HITPOINT WARNING * * *
The goblin closely misses you.
A goblin comes into view.
It was a potion of mutation.
You feel extremely strange.
You feel your magical essence link to your wands.
You feel robust.
* * * LOW HITPOINT WARNING * * *
You feel sick.
The goblin shouts!
The goblin hits you.
You die...

#.................#...##
#..................)...
#..........gg......$#
#.................).#
#..<.......g..รท.....#
##..................###
##.....###.##....#...##
####.## #g##...###...####
#.# #@##.....#.#..... #.#
#g##.#.#......# #.#
#:##.#.##.....### #.#
#.##.#.###..#...#
####.####.#..........##.#
##...<.##...........#.....#
##...................###.#.#
#.>..................###.#.
#.....[.....................


You could see Robin and 4 goblins.

Vanquished Creatures
  An adder (D:2)
  2 dart slugs (D:1)
  2 bats (D:2)
  5 hobgoblins
  3 jackals
  A quokka (D:2)
  A frilled lizard (D:1)
  8 goblins
  A kobold (D:1)
  2 rats
26 creatures vanquished.

Notes
Turn   | Place    | Note
-------+----------+-------------------------------------------
     0 | D:1      | Chiseanne the Demonspawn Wizard began the quest for the Orb.
     0 | D:1      | Reached XP level 1. HP: 13/13 MP: 4/4
   306 | D:1      | Gained mutation: Your flesh is heat resistant. (rF+) [demonic ancestry]
   306 | D:1      | Reached XP level 2. HP: 19/19 MP: 1/6
   732 | D:1      | Learned a level 2 spell: Blink
  1378 | D:2      | Reached XP level 3. HP: 24/24 MP: 4/8
  1713 | D:2      | Learned a level 3 spell: Conjure Flame
  1717 | D:2      | Learned a level 3 spell: Mephitic Cloud
  1726 | D:2      | Noticed Robin
  1736 | D:2      | HP: 1/24 [Robin/goblin (2)]
  1737 | D:2      | Gained mutation: You expend magic power (3 MP) to strengthen your wands. [potion of mutation]
  1737 | D:2      | Gained mutation: You are robust. (+10% HP) [potion of mutation]
  1737 | D:2      | Slain by a goblin

Skill      XL: |  1  2 |
---------------+-------+-----
Conjurations   | 2 |  2.2
Dodging        | |  1.7
Stealth        | |  1.7
Spellcasting   | |  3.7
Summonings     | |  1.0
Translocations | |  0.8

Action                   || total
-------------------------++-------
Melee: Club              ||    10
       Hand axe          ||    11
 Cast: Magic Dart        ||    73
       Blink             ||     1
  Use: Scroll            ||     3
       Potion            ||     2
  Eat: Chunk             ||     2
Armor: Robe              ||     8
Dodge: Dodged            ||    35
